[Event "Team 45 45 League T51"]
[Site "Internet Chess Club"]
[Date "2011.11.13"]
[Round "1"]
[White "pauliewoll"]
[Black "Ivio"]
[Result "0-1"]
[WhiteElo "1638"]
[BlackElo "1753"]
[Opening "French: Tarrasch"]
[ECO "C03"]
[Time "13:00:31"]
[TimeControl "2700+45"]

1. e4 e6 2. d4 d5 3. Nd2 dxe4 4. Nxe4 h6 5. Nf3 Nd7 6. Be2 Ngf6 7. Nxf6+ Nxf6 8.
O-O Bd6 9. c4 O-O 10. c5 Be7 11. Ne5 Nd7 12. f4 Nxe5 13. fxe5 Bg5 14. Bf3 Rb8
15. Qd3 Bd7 16. Rd1 Bc6 17. Qe2 Bd5 18. Bxg5 Qxg5 19. Bxd5 exd5 20. a4 c6 21.
Ra3 Rbe8 22. Rg3 Qe7 23. Qg4 f6 24. exf6 Rxf6 25. b4 Qe1+ {White resigns} 0-1

[Event "Team 45 45 League T51"]
[Site "Internet Chess Club"]
[Date "2011.11.12"]
[Round "1"]
[White "Salvatore"]
[Black "Buford-Julep"]
[Result "1/2-1/2"]
[WhiteElo "1540"]
[BlackElo "1715"]
[Opening "Richter-Veresov attack"]
[ECO "D01"]
[Time "20:04:11"]
[TimeControl "2700+45"]

1. d4 d5 2. Nc3 Nf6 3. Bg5 Nbd7 4. Nf3 c6 5. Qd3 g6 6. e4 dxe4 7. Nxe4 Bg7 8.
O-O-O O-O 9. Nfd2 Qa5 10. Kb1 b5 11. Be2 Rd8 12. h4 Ne5 13. Qc3 Qxc3 14. bxc3
Neg4 15. f3 Nxe4 16. Nxe4 Nf6 17. Nc5 Nd5 18. Bd2 e5 19. h5 exd4 20. cxd4 Bxd4
21. Ne4 Bf5 22. g4 Bxe4 23. fxe4 Nc3+ 24. Bxc3 Bxc3 25. hxg6 hxg6 26. Bd3 Kg7
27. Rh3 Rh8 28. Rdh1 Rxh3 29. Rxh3 Rh8 30. Rxh8 Kxh8 31. Kc1 Kg7 32. Kd1 Kf6 33.
Ke2 Ke5 34. Ke3 g5 {Game drawn by mutual agreement} 1/2-1/2

[Event "Team 45 45 League T51"]
[Site "Internet Chess Club"]
[Date "2011.11.14"]
[Round "1"]
[White "SirIvanhoe"]
[Black "krysto"]
[Result "1-0"]
[WhiteElo "1517"]
[BlackElo "1564"]
[Opening "French: King's Indian attack"]
[ECO "C00"]
[Time "21:00:15"]
[TimeControl "2700+45"]

1. e4 e6 2. d3 d5 3. Nd2 Nf6 4. Ngf3 c5 5. g3 Nc6 6. Bg2 Be7 7. O-O O-O 8. e5
Nd7 9. Re1 b5 10. Nf1 f6 11. exf6 Nxf6 12. Bh3 e5 13. Bxc8 Qxc8 14. Nxe5 Nxe5
15. Rxe5 Qh3 16. Rxe7 Ng4 17. Re2 Rf3 18. Re8+ Rxe8 19. Qxf3 h6 20. Qxd5+ Kh8
21. Be3 Re5 22. Qd8+ Kh7 23. Qh4 Qxh4 24. gxh4 Kg6 25. h3 Nf6 26. Ng3 a6 27. Kf1
Kf7 28. Re1 Nd7 29. Bd2 Rd5 30. Bf4 c4 31. dxc4 bxc4 32. Ke2 Kf6 33. Rd1 Nb6 34.
Rxd5 Nxd5 35. Bd2 Kg6 36. c3 a5 37. Kf3 {Black resigns} 1-0

[Event "Team 45 45 League T51"]
[Site "Internet Chess Club"]
[Date "2011.11.13"]
[Round "1"]
[White "milesotoole"]
[Black "CKNIGHT3"]
[Result "0-1"]
[WhiteElo "1581"]
[BlackElo "1534"]
[Opening "Sicilian: Scheveningen (Paulsen), classical variation"]
[ECO "B84"]
[Time "21:56:35"]
[TimeControl "2700+45"]

1. e4 c5 2. Nf3 d6 3. d4 cxd4 4. Nxd4 Nf6 5. Nc3 a6 6. Be2 e6 7. Be3 Be7 8. O-O
Qc7 9. Qd2 Nbd7 10. Rad1 O-O 11. Nf3 b5 12. Bf4 e5 13. Be3 Bb7 14. Bd3 Rac8 15.
Nh4 Nc5 16. f3 b4 17. Ne2 Nxd3 18. cxd3 d5 19. Nf5 d4 20. Nh6+ Kh8 21. Bg5 gxh6
22. Bxh6 Rg8 23. Ng3 Qc2 24. Qe1 Rg6 25. Rf2 Qa4 26. Nf5 Qd7 27. Rc1 Rcg8 28.
Rfc2 Bd6 29. g3 Nh5 30. Qf2 Qe6 31. Bd2 Qxa2 32. Nxd6 Rxd6 33. Rc7 Ba8 34. Bxb4
Rdg6 35. Bd2 Qxb2 36. g4 Qb3 37. Qe2 Nf6 38. h3 Qe6 39. Qf1 h5 40. g5 Nh7 41.
Kh2 Nxg5 42. h4 Nh7 43. Bb4 Rg2+ 44. Qxg2 Rxg2+ 45. Kxg2 Kg7 46. Re7 Qa2+ 47.
Kg3 a5 48. Bd6 Qb2 49. Bxe5+ Kg6 50. Rcc7 Qb3 51. Rxf7 Qxf7 52. Rxf7 Kxf7 53.
Bxd4 Bc6 54. f4 Bb5 55. f5 Bxd3 56. Kf3 Nf6 57. e5 Nd5 58. f6 a4 59. Bb2 Nb4 60.
Kf4 Be2 61. Ke4 Nc2 62. Kd5 Bg4 63. Bc3 a3 64. Kd6 a2 65. Kd5 a1=Q 66. Bxa1 Nxa1
67. Kd6 Be6 68. Kc6 Nb3 69. Kc7 Nd4 70. Kd6 Nf5+ 71. Kc5 Nxh4 72. Kd4 Ng6 73.
Ke4 h4 74. Kf3 Nxe5+ 75. Kg2 Kxf6 76. Kg1 h3 77. Kh2 Nf3+ 78. Kg3 h2 79. Kg2 Bd5
80. Kh1 Kg5 81. Kg2 Kg4 82. Kh1 Bc4 83. Kg2 Kf4 84. Kh1 Ke3 85. Kg2 Ke2 86. Kh1
Be6 87. Kg2 Nh4+ 88. Kxh2 Kf2 89. Kh1 Bh3 90. Kh2 Bf1 91. Kh1 Bg2+ {White
resigns} 0-1

[Event "Team 45 45 League T51"]
[Site "Internet Chess Club"]
[Date "2011.11.11"]
[Round "1"]
[White "Cicero"]
[Black "bishop10186"]
[Result "1-0"]
[WhiteElo "1324"]
[BlackElo "1236"]
[Opening "French: advance, Paulsen attack"]
[ECO "C02"]
[Time "14:03:05"]
[TimeControl "2700+45"]

1. e4 e6 2. d4 d5 3. e5 c5 4. c3 Nc6 5. Nf3 Be7 6. Be2 f6 7. exf6 Nxf6 8. Nbd2
Qb6 9. Nb3 O-O 10. O-O Ne4 11. Be3 Bd7 12. Ne5 Nxe5 13. dxe5 Qc7 14. Qc1 Qxe5
15. f4 Qc7 16. Qc2 Bd6 17. Qc1 Rae8 18. Nd2 Nf6 19. Nf3 Ne4 20. Nd2 Nf6 21. Nf3
Ng4 22. Ne1 Nxe3 23. Qxe3 Bxf4 24. Qd3 Bxh2+ 25. Kh1 Rxf1+ 26. Bxf1 Rf8 27. Nf3
Bf4 28. b3 Qd8 29. Kg1 Qf6 30. Rd1 Bc6 31. Qe2 Qh6 32. g3 Bxg3 33. Rd2 Bf4 34.
Rd3 Qg6+ 35. Bg2 d4 36. cxd4 Bb5 37. Ne5 Bxd3 38. Nxd3 cxd4 39. Nxf4 Qb1+ 40.
Kh2 Rxf4 41. Qxe6+ Rf7 42. Qe8+ Rf8 43. Bd5+ {Black resigns} 1-0

[Event "Team 45 45 League T51"]
[Site "Internet Chess Club"]
[Date "2011.11.12"]
[Round "1"]
[White "Iowa-Archer"]
[Black "IanT"]
[Result "0-1"]
[WhiteElo "1172"]
[BlackElo "1415"]
[Opening "Nimzo-Indian defense"]
[ECO "E20"]
[Time "19:30:52"]
[TimeControl "2700+45"]

1. d4 Nf6 2. c4 e6 3. Nc3 Bb4 4. Bd2 d5 5. e3 O-O 6. Nf3 Nbd7 7. Bd3 c5 8. O-O
b6 9. Qc2 h6 10. a3 Bxc3 11. Bxc3 Ba6 12. b3 Qc7 13. b4 cxd4 14. exd4 Bxc4 15.
Rad1 Rac8 16. Rfe1 Bxd3 17. Rxd3 Ne4 18. Ree3 Ndf6 19. Ne5 Nh5 20. g3 Qb7 21.
Qe2 Nhf6 22. f3 Nd6 23. Be1 Nf5 24. g4 Nxe3 25. Qxe3 Qe7 26. g5 Nh7 27. gxh6 g6
28. b5 Qg5+ 29. Qxg5 Nxg5 30. Bh4 Nh3+ 31. Kf1 Nf4 32. Rd1 Rc7 33. Nc6 f6 34.
Kf2 g5 35. Bg3 a6 36. a4 Kh7 37. h4 Kxh6 38. hxg5+ fxg5 39. Rh1+ Kg6 40. Ke3 Rb7
41. Ne5+ Kg7 42. Rh5 Nxh5 43. Ng4 Nxg3 {White resigns} 0-1

[Event "Team 45 45 League T51"]
[Site "Internet Chess Club"]
[Date "2011.11.13"]
[Round "1"]
[White "artspir"]
[Black "lawth3"]
[Result "0-1"]
[WhiteElo "1114"]
[BlackElo "1164"]
[Opening "Queen's pawn: Torre attack"]
[ECO "A46"]
[Time "14:00:43"]
[TimeControl "2700+45"]

1. d4 Nf6 2. Nf3 e6 3. Bg5 c5 4. e3 b6 5. Bd3 Bb7 6. c4 Be7 7. Nbd2 O-O 8. Qc2
h6 9. Bh4 d6 10. O-O Nbd7 11. d5 exd5 12. cxd5 Nxd5 13. Bxe7 Nxe7 14. Rfe1 Qc7
15. e4 Nc6 16. a3 Rfe8 17. Nh4 Nd4 18. Qd1 Ne5 19. Bc4 Qd7 20. f4 Nxc4 21. Nxc4
Bxe4 22. b4 Nc2 23. Ne5 Rxe5 24. fxe5 Nxe1 25. Qxe1 d5 26. Rd1 Re8 27. Qg3 Qc7
28. Rf1 Qxe5 29. Rf4 g5 30. Qg4 Qxf4 31. Qd7 Qe3+ 32. Kf1 Bd3# {White
checkmated} 0-1

[Event "Team 45 45 League T51"]
[Site "Internet Chess Club"]
[Date "2011.11.12"]
[Round "1"]
[White "MateIn42"]
[Black "Just-Jim"]
[Result "1-0"]
[WhiteElo "1362"]
[BlackElo "1314"]
[Opening "Sicilian defense"]
[ECO "B27"]
[Time "12:00:42"]
[TimeControl "2700+45"]

1. e4 c5 2. Nf3 d5 3. exd5 Qxd5 4. Nc3 Qd8 5. d4 cxd4 6. Bb5+ Nc6 7. Nxd4 Bd7 8.
Be3 a6 9. Nxc6 Bxc6 10. Bxc6+ bxc6 11. O-O e6 12. Qxd8+ Rxd8 13. Rfd1 Rxd1+ 14.
Rxd1 Nf6 15. Bb6 Be7 16. Bc7 O-O 17. Bd6 Bxd6 18. Rxd6 Rc8 19. f3 Nd5 20. Ne2
Kf8 21. Nd4 Ke7 22. Rxc6 Rxc6 23. Nxc6+ Kd6 24. Nd4 g6 25. c3 e5 26. Ne2 Kc5 27.
b3 g5 28. Kf2 Nf4 29. Nxf4 exf4 30. Ke2 f5 31. Kd3 h5 32. b4+ Kb5 33. Kd4 h4 34.
a4+ Kxa4 35. Kc5 g4 36. h3 Kb3 37. c4 gxh3 38. gxh3 Ka4 39. b5 axb5 40. cxb5 Ka5
41. Kc6 {Black resigns} 1-0

[Event "Team 45 45 League T51"]
[Site "Internet Chess Club"]
[Date "2011.11.12"]
[Round "1"]
[White "guyd52"]
[Black "houseofcook"]
[Result "1/2-1/2"]
[WhiteElo "1273"]
[BlackElo "1437"]
[Opening "Réti: King's Indian attack (Barcza system)"]
[ECO "A07"]
[Time "06:00:34"]
[TimeControl "2700+45"]

1. Nf3 d5 2. g3 Nf6 3. Bg2 Bg4 4. O-O Nbd7 5. d3 c6 6. Nbd2 e5 7. e4 dxe4 8.
Nxe4 Nxe4 9. dxe4 Qc7 10. Qd2 O-O-O 11. Qe3 Kb8 12. Qg5 Be6 13. b3 h6 14. Qe3
Bc5 15. Qe1 g5 16. Be3 Bb6 17. Qc3 Bxe3 18. Qxe3 f5 19. exf5 Bxf5 20. c4 Rhe8
21. Rfe1 Re7 22. Nd2 Nf6 23. Ne4 Nxe4 24. Bxe4 Bxe4 25. Qxe4 Rf8 26. Qg6 Qb6 27.
Qd6+ Qc7 28. Qxc7+ Kxc7 29. Re4 Rd8 30. Rae1 Rde8 31. Kg2 Kb6 32. Kf3 Rf8+ 33.
Kg4 Rxf2 34. h4 gxh4 35. gxh4 Rg7+ 36. Kh5 Rgg2 37. Rxe5 Rxa2 38. Kxh6 Rab2 39.
R1e3 Rbf2 40. Rg5 Rf6+ 41. Kg7 Rgf2 42. Re7 R6f3 43. h5 Rh3 44. h6 Rfh2 45. Re6
a6 {Game drawn by mutual agreement} 1/2-1/2

[Event "Team 45 45 League T51"]
[Site "Internet Chess Club"]
[Date "2011.11.13"]
[Round "1"]
[White "dabodhi"]
[Black "wekabird"]
[Result "1-0"]
[WhiteElo "1231"]
[BlackElo "1010"]
[Opening "Queen's pawn game"]
[ECO "D00"]
[Time "18:00:07"]
[TimeControl "2700+45"]

1. d4 d5 2. e3 e6 3. Bd3 Nf6 4. Nd2 b6 5. Ngf3 Ba6 6. Bxa6 Nxa6 7. c3 Be7 8.
Qa4+ Nd7 9. Qxa6 O-O 10. Ne5 Nxe5 11. dxe5 c5 12. Qe2 Qc7 13. f4 a5 14. O-O c4
15. Qg4 Bc5 16. Nf3 Be7 17. Nd4 Qd7 18. Bd2 Bc5 19. f5 Bxd4 20. exd4 exf5 21.
Rxf5 Qe6 22. h3 Kh8 23. Raf1 g6 24. Rf6 Qxg4 25. hxg4 Kg7 26. R1f3 b5 27. Rh3
Kh8 28. Bh6 Rg8 29. Rxf7 g5 30. e6 Rae8 31. e7 b4 32. Re3 bxc3 33. bxc3 Rg6 34.
Rf8+ Rg8 35. Rxe8 Rxe8 36. Bxg5 h6 37. Bxh6 Kh7 38. Bf8 Kg6 39. Re5 Kf6 40. g5+
Kg6 41. Kf2 Kf7 42. Rf5+ Ke6 43. Rf6+ Kd7 44. Rf7 Ke6 45. Rf6+ Kd7 46. Kf3 Rxe7
47. Bxe7 Kxe7 48. Kf4 a4 49. Kf5 {Black resigns} 1-0

[Event "Team 45 45 League T51"]
[Site "Internet Chess Club"]
[Date "2011.11.12"]
[Round "1"]
[White "carolinaknight"]
[Black "bhandelman"]
[Result "0-1"]
[WhiteElo "1346"]
[BlackElo "1116"]
[Opening "Giuoco Pianissimo: Italian four knights variation"]
[ECO "C55"]
[Time "09:05:36"]
[TimeControl "2700+45"]

1. e4 e5 2. Nf3 Nc6 3. Bc4 Nf6 4. d3 Bc5 5. Nc3 d6 6. h3 O-O 7. O-O Re8 8. Ng5
Nd4 9. Bxf7+ Kf8 10. Bxe8 Qxe8 11. Nd5 Nxd5 12. exd5 Bd7 13. Be3 h6 14. Ne4 Qf7
15. Bxd4 Bxd4 16. c3 Bb6 17. d4 Bf5 18. Ng3 Bg6 19. dxe5 dxe5 20. d6 c6 21. Kh1
Rd8 22. Qd2 Qf4 23. Rad1 Rd7 24. Ne2 Qg5 25. f4 exf4 26. Rxf4+ Kg8 27. Rdf1 Be4
28. Rf8+ Kh7 29. Qxg5 hxg5 30. R8f7 Rxd6 31. Nf4 Rd2 32. Ne6 Bxg2+ 33. Kh2 Bxf1+
34. Kg3 Rg2+ {White resigns} 0-1

[Event "Team 45 45 League T51"]
[Site "Internet Chess Club"]
[Date "2011.11.11"]
[Round "1"]
[White "zap2"]
[Black "jotap"]
[Result "1-0"]
[WhiteElo "1794"]
[BlackElo "1640"]
[Opening "Réti opening"]
[ECO "A04"]
[Time "13:45:41"]
[TimeControl "2700+45"]

1. Nf3 g6 2. g3 Bg7 3. Bg2 Nf6 4. O-O c5 5. d3 Nc6 6. Nbd2 d6 7. e4 O-O 8. c3
Bg4 9. h3 Bd7 10. Qe2 e6 11. Re1 Re8 12. Nc4 Qc7 13. e5 dxe5 14. Ncxe5 Nd5 15.
Nxd7 Qxd7 16. Nd2 Rad8 17. Ne4 b6 18. a4 Na5 19. Qc2 Ne7 20. Bf1 Nf5 21. Bg5 Rc8
22. Nf6+ Bxf6 23. Bxf6 Nc6 24. Qd2 c4 25. g4 Nce7 26. gxf5 Nxf5 27. d4 Rc6 28.
Bg2 Rd6 29. Be5 Qe7 30. Bxd6 Qxd6 31. Qe2 Rc8 32. Qe5 Qe7 33. d5 Rc5 34. Qb8+
Kg7 35. dxe6 Nh4 36. exf7 Qxf7 37. Re5 Nf3+ 38. Bxf3 Qxf3 39. Rxc5 bxc5 {Black
resigns} 1-0

[Event "Team 45 45 League T51"]
[Site "Internet Chess Club"]
[Date "2011.11.11"]
[Round "1"]
[White "celebrat"]
[Black "Kheeljoi"]
[Result "0-1"]
[WhiteElo "1545"]
[BlackElo "1766"]
[Opening "King's Indian: Sämisch, 5...O-O"]
[ECO "E81"]
[Time "22:00:32"]
[TimeControl "2700+45"]

1. d4 Nf6 2. c4 g6 3. Nc3 Bg7 4. e4 d6 5. f3 O-O 6. Be3 Na6 7. Qd2 c5 8. d5 Bd7
9. Nge2 Rb8 10. Nf4 Nc7 11. Rb1 b5 12. b3 b4 13. Nd1 a5 14. Nd3 a4 15. h3 axb3
16. axb3 Nh5 17. Bf2 Ra8 18. f4 Ra3 19. Be2 e6 20. g4 Nf6 21. Bf3 exd5 22. cxd5
Re8 23. e5 Nfxd5 24. Bxd5 Nxd5 25. Nxc5 dxe5 26. O-O Bc6 27. fxe5 Bxe5 28. Nd3
Bd6 29. Qh6 Qb8 30. Qc1 Bh2+ 31. Kh1 Ne3+ 32. Qxc6 Nxf1 33. Qg2 Nd2 34. Rb2 Ne4
35. Qxh2 Qd8 36. Ne5 Qxd1+ 37. Kg2 Qd5 38. Nf3 Rxb3 39. Re2 Rxf3 {White resigns}
0-1

[Event "Team 45 45 League T51"]
[Site "Internet Chess Club"]
[Date "2011.11.12"]
[Round "1"]
[White "badmove"]
[Black "IceBox"]
[Result "0-1"]
[WhiteElo "1701"]
[BlackElo "1773"]
[Opening "Catalan: closed, 5.Nf3"]
[ECO "E06"]
[Time "06:01:52"]
[TimeControl "2700+45"]

1. d4 Nf6 2. c4 e6 3. g3 d5 4. Nf3 Be7 5. Bg2 O-O 6. O-O h6 7. Qc2 Nbd7 8. cxd5
exd5 9. Nc3 c6 10. Nh4 Re8 11. Nf5 Bf8 12. Nh4 Nb6 13. b3 Bd7 14. h3 Nc8 15. Bd2
Nd6 16. f3 g5 17. Qc1 Nh7 18. e4 gxh4 19. g4 Rc8 20. e5 Nb5 21. Ne2 c5 22. Qb2
cxd4 23. a4 Rxe5 24. Nf4 Nc3 25. Rfe1 Rxe1+ 26. Rxe1 Bc6 27. Bf1 Ng5 28. Kg2 Qf6
29. Bd3 Re8 30. Rxe8 Bxe8 31. Bf5 Qe5 32. Qc2 Ne2 {White resigns} 0-1

[Event "Team 45 45 League T51"]
[Site "Internet Chess Club"]
[Date "2011.11.12"]
[Round "1"]
[White "calily"]
[Black "cBishop"]
[Result "0-1"]
[WhiteElo "1693"]
[BlackElo "1716"]
[Opening "Sicilian: closed"]
[ECO "B23"]
[Time "10:15:16"]
[TimeControl "2700+45"]

1. e4 c5 2. Nc3 d6 3. g3 Nc6 4. Bg2 Bd7 5. f4 e6 6. Nf3 a6 7. O-O Rc8 8. d3 Nd4
9. Be3 Nxf3+ 10. Rxf3 Ne7 11. Qd2 Nc6 12. Raf1 Be7 13. f5 Ne5 14. R3f2 Ng4 15.
Rf3 exf5 16. exf5 Bc6 17. Rf4 Nxe3 18. Bxc6+ Rxc6 19. Qxe3 O-O 20. Re4 Bg5 21.
Qe2 d5 22. Rg4 h5 23. Ra4 b5 24. Qxh5 bxa4 25. h4 Be3+ 26. Kg2 Bd4 27. Qg4 Bxc3
28. bxc3 Qf6 29. Qxa4 c4 30. d4 Re8 31. g4 Rcc8 32. g5 Qc6 33. Qa3 Re2+ 34. Kg1
Qc7 {White resigns} 0-1

[Event "Team 45 45 League T51"]
[Site "Internet Chess Club"]
[Date "2011.11.13"]
[Round "1"]
[White "Andressa"]
[Black "drsigmund1"]
[Result "1-0"]
[WhiteElo "1455"]
[BlackElo "1378"]
[Opening "Bird's opening"]
[ECO "A02"]
[Time "07:17:36"]
[TimeControl "2700+45"]

1. f4 Nf6 2. Nc3 d5 3. e3 Nc6 4. d4 a6 5. Nf3 Bg4 6. g3 e6 7. Bg2 Bb4 8. Bd2 Ne4
9. O-O Nxd2 10. Qxd2 O-O 11. a3 Bd6 12. Rab1 f6 13. b4 b5 14. h3 Bh5 15. g4 Be8
16. e4 Bf7 17. e5 Be7 18. Rbe1 fxe5 19. dxe5 Bg6 20. Ng5 Qd7 21. Nf3 Rf7 22. Re2
h6 23. Kh2 Raf8 24. Nd4 Bxc2 25. Nxc2 d4 26. Bxc6 Qxc6 27. Qxd4 Rd8 28. Qe3 Qc4
29. Rf3 c5 30. Rd2 Rxd2+ 31. Qxd2 cxb4 32. Nxb4 a5 33. Nc2 b4 34. axb4 axb4 35.
Qd4 Qxd4 36. Nxd4 bxc3 37. Rxc3 Rxf4 38. Nxe6 Re4 39. Rc7 Kf7 40. Nd8+ Ke8 41.
Nc6 Re2+ 42. Kg3 Bf8 43. Rc8+ Kf7 44. Nd8+ Kg6 45. Rc6+ Kh7 46. Ne6 Bb4 47. Rc4
Be1+ 48. Kf4 Bd2+ 49. Kf5 g6+ 50. Kf6 Rf2+ 51. Ke7 Bg5+ 52. Nxg5+ hxg5 53. e6
Kg7 54. Rc6 Rh2 55. Kd7 Rxh3 56. e7 Rd3+ 57. Rd6 Rxd6+ 58. Kxd6 Kf7 59. Kd7
{Black resigns} 1-0

[Event "Team 45 45 League T51"]
[Site "Internet Chess Club"]
[Date "2011.11.13"]
[Round "1"]
[White "Berke"]
[Black "Juan73"]
[Result "0-1"]
[WhiteElo "1534"]
[BlackElo "1750"]
[Opening "Giuoco Piano: four knights variation"]
[ECO "C46"]
[Time "19:11:07"]
[TimeControl "2700+45"]

1. e4 e5 2. Nf3 Nc6 3. Nc3 Bc5 4. Bc4 Nf6 5. Bb3 d6 6. d3 Bg4 7. Be3 Nd4 8. Bxd4
exd4 9. Na4 Bb4+ 10. c3 dxc3 11. Nxc3 Qe7 12. O-O O-O 13. Nd5 Nxd5 14. Bxd5 c6
15. Bc4 Qf6 16. Qe2 Rfe8 17. d4 d5 18. e5 Qf4 19. Bd3 Bxf3 20. Qxf3 Qxd4 21. Qh3
g6 22. a3 Bc5 23. b4 Bb6 24. Rae1 Rxe5 25. Rxe5 Qxe5 26. Qd7 Bc7 27. g3 Rd8 28.
Qg4 Qc3 29. Bb1 Qxa3 30. h4 Qc3 31. h5 Qf6 32. hxg6 hxg6 33. Kg2 Kg7 34. Rh1 Rh8
35. Rxh8 Kxh8 36. Qc8+ Bd8 37. Qxb7 Bb6 38. Qc8+ Kg7 39. Qg4 Qxf2+ 40. Kh3 Qf1+
41. Kh4 Qxb1 42. Qxg6+ Qxg6 {White resigns} 0-1

[Event "Team 45 45 League T51"]
[Site "Internet Chess Club"]
[Date "2011.11.15"]
[Round "1"]
[White "Sandia"]
[Black "otib2006"]
[Result "1-0"]
[WhiteElo "1348"]
[BlackElo "1224"]
[Opening "Sicilian"]
[ECO "B50"]
[Time "10:01:21"]
[TimeControl "2700+45"]

1. e4 c5 2. Nf3 d6 3. Bc4 Nf6 4. Nc3 e6 5. d3 Be7 6. O-O Bd7 7. Bd2 Nc6 8. a3 a6
9. Re1 b5 10. Bb3 Nd4 11. Nxd4 cxd4 12. Ne2 O-O 13. Nxd4 e5 14. Nf3 Qb6 15. h3
Bc6 16. Nh4 d5 17. exd5 Bxd5 18. Bxd5 Nxd5 19. Rxe5 Bxh4 20. g3 Qd6 21. Qh5 Bf6
22. Rxd5 Qc6 23. Rc5 Qb6 24. c3 Rad8 25. Rd5 Rxd5 26. Qxd5 Rd8 27. Qf3 Qd6 28.
d4 a5 29. b4 a4 30. Re1 h6 31. Qg4 g5 32. f4 Qd5 33. h4 Bxd4+ 34. cxd4 Qxd4+ 35.
Kg2 Qxd2+ 36. Qe2 Qd5+ 37. Qf3 Qa2+ 38. Re2 Rd2 39. Rxd2 Qxd2+ 40. Qf2 Qd5+ 41.
Qf3 Qa2+ 42. Kh3 Qe6+ 43. f5 Qf6 44. hxg5 hxg5 45. Kg4 Kg7 46. Qe3 Kh6 47. Qc5
Qb2 48. Qf8+ Kh7 49. Qxf7+ Kh8 50. Qh5+ Kg8 51. Qxg5+ Kf7 52. Qg6+ Ke7 53. Qe6+
Kf8 54. Qc8+ Kf7 55. Qb7+ Kg8 56. Qf3 Qd4+ 57. Qf4 Qd1+ 58. Qf3 Qb3 59. Kf4 Qc4+
60. Qe4 Qf1+ 61. Kg5 Qc1+ 62. Kf6 Qc6+ 63. Qe6+ Qxe6+ 64. fxe6 {Black resigns}
1-0

[Event "Team 45 45 League T51"]
[Site "Internet Chess Club"]
[Date "2011.11.13"]
[Round "1"]
[White "Elalfer"]
[Black "sockmonkey"]
[Result "1/2-1/2"]
[WhiteElo "1328"]
[BlackElo "1309"]
[Opening "QGD: 3.Nc3"]
[ECO "D31"]
[Time "20:00:17"]
[TimeControl "2700+45"]

1. d4 d5 2. c4 e6 3. Nc3 f5 4. Nf3 c6 5. Bf4 Bd6 6. Qd2 Bxf4 7. Qxf4 Nf6 8. Ne5
Nbd7 9. e3 O-O 10. Bd3 Ne4 11. O-O g5 12. Qf3 Nd2 13. Qh5 Nxf1 14. Rxf1 Nxe5 15.
dxe5 g4 16. f3 Qe8 17. Qh6 Qg6 18. Qh4 gxf3 19. Rxf3 Qf7 20. Qh6 Kh8 21. Rg3 Rg8
22. Rxg8+ Qxg8 23. Qf6+ Qg7 24. Qd8+ {Game drawn by mutual agreement} 1/2-1/2

[Event "Team 45 45 League T51"]
[Site "Internet Chess Club"]
[Date "2011.11.13"]
[Round "1"]
[White "Docvan"]
[Black "tamky70"]
[Result "1-0"]
[WhiteElo "1207"]
[BlackElo "1311"]
[Opening "Alekhine's defense: modern variation"]
[ECO "B04"]
[Time "20:00:16"]
[TimeControl "2700+45"]

1. e4 Nf6 2. e5 Nd5 3. d4 d6 4. Nf3 Nc6 5. Bb5 a6 6. Bxc6+ bxc6 7. O-O Bg4 8.
Nbd2 e6 9. c4 Nb4 10. Qb3 Rb8 11. a3 Nd5 12. Qd3 Bf5 13. Qe2 Be7 14. cxd5 cxd5
15. b4 O-O 16. Nb3 Qd7 17. Qxa6 Bg4 18. Qe2 Qb5 19. Qxb5 Rxb5 20. Bg5 f6 21. Bf4
Bxf3 22. gxf3 g5 23. Bg3 f5 24. f4 g4 25. Rac1 Ra8 26. Na5 dxe5 27. fxe5 h5 28.
Bf4 h4 29. Rxc7 Re8 30. Nc6 Kf7 31. Bg5 Rb6 32. Nxe7 Rxe7 33. Rxe7+ Kg6 34. Bxh4
Rc6 35. f3 Kh5 36. Rh7+ Kg6 37. Re7 Kh5 38. Bg3 Kg6 39. fxg4 fxg4 40. Rf6+
{Black resigns} 1-0

[Event "Team 45 45 League T51"]
[Site "Internet Chess Club"]
[Date "2011.11.13"]
[Round "1"]
[White "OOB1"]
[Black "pudge"]
[Result "1-0"]
[WhiteElo "1499"]
[BlackElo "1426"]
[Opening "Four knights: Scotch, 4...exd4"]
[ECO "C47"]
[Time "18:13:07"]
[TimeControl "2700+45"]

1. e4 e5 2. Nf3 Nc6 3. Nc3 Nf6 4. d4 exd4 5. Nxd4 Be7 6. Nxc6 dxc6 7. Bd3 Be6 8.
h3 O-O 9. O-O b5 10. a3 a5 11. Be3 Qd7 12. Bf4 h6 13. Qf3 b4 14. axb4 axb4 15.
Ne2 c5 16. Ng3 c4 17. Be2 Nh7 18. Nf5 Bxf5 19. exf5 Rxa1 20. Rxa1 Qxf5 21. Bxc4
Qxc2 22. b3 Ng5 23. Qc6 Qc3 24. Rf1 Bf6 25. Qxc7 Ne4 26. Be3 Be5 27. Qe7 Nd6 28.
Rc1 Qb2 29. Bd5 Nf5 30. Bxf7+ Rxf7 31. Rc8+ Kh7 32. Qxf7 Nxe3 33. fxe3 Qb1+ 34.
Kf2 Qe4 35. Rc4 Qb1 36. Ke2 Bc3 37. Rf4 Qe1+ 38. Kd3 Qd2+ 39. Kc4 Qe2+ 40. Kd5
Qb5+ 41. Ke4 Qc6+ 42. Qd5 Qg6+ 43. Qf5 Qxf5+ 44. Rxf5 g5 45. g4 Kg6 46. Rb5 Kf6
47. Rb6+ Kg7 48. Kd5 Bd2 49. e4 Bc3 50. e5 Bd2 51. e6 Kf8 52. Ke4 Ke7 53. Kf5
Be3 54. Rxb4 Bc5 55. Rb7+ Ke8 56. Kg6 Bf8 57. b4 Be7 58. Rb8+ Bd8 59. Rxd8+ Kxd8
60. Kf7 h5 61. e7+ Kd7 62. e8=Q+ Kd6 63. Qe6+ Kc7 64. Qe5+ Kd7 65. Qxg5 hxg4 66.
Qxg4+ Kd6 67. Qe6+ Kc7 68. Ke7 Kb7 69. Kd6 Kb6 70. Kd5+ Kb5 71. Qd6 Ka4 72. b5
Ka5 73. b6 Ka4 74. Kc4 Ka5 75. b7 Ka4 76. Qb4# {Black checkmated} 1-0

[Event "Team 45 45 League T51"]
[Site "Internet Chess Club"]
[Date "2011.11.13"]
[Round "1"]
[White "medsurg"]
[Black "Visin"]
[Result "0-1"]
[WhiteElo "1343"]
[BlackElo "1346"]
[Opening "Ruy Lopez: modern Steinitz defense"]
[ECO "C74"]
[Time "15:01:29"]
[TimeControl "2700+45"]

1. e4 e5 2. Nf3 Nc6 3. Bb5 a6 4. Ba4 d6 5. c3 Nf6 6. Bc2 Bg4 7. h3 Bh5 8. d3 Be7
9. g4 Bg6 10. Be3 O-O 11. Nbd2 d5 12. Nh4 dxe4 13. Nxg6 fxg6 14. dxe4 Qe8 15.
Qe2 Rd8 16. O-O-O Kh8 17. f4 exf4 18. Bxf4 Bd6 19. Be3 Ne5 20. Rhf1 Nfd7 21. Bg5
Be7 22. Bxe7 Qxe7 23. Rxf8+ Rxf8 24. Nb3 Qf7 25. Nd4 Qxa2 26. Bb3 Qa5 27. Rf1
Rxf1+ {White resigns} 0-1

[Event "Team 45 45 League T51"]
[Site "Internet Chess Club"]
[Date "2011.11.11"]
[Round "1"]
[White "reverendjim"]
[Black "tworivers"]
[Result "1-0"]
[WhiteElo "1397"]
[BlackElo "1378"]
[Opening "King's Indian: 6.Be2"]
[ECO "E91"]
[Time "22:00:37"]
[TimeControl "2700+45"]

1. d4 Nf6 2. c4 g6 3. Nc3 Bg7 4. e4 d6 5. Nf3 O-O 6. Be2 c5 7. O-O Nbd7 8. e5
dxe5 9. dxe5 Ng4 10. e6 fxe6 11. Ng5 Ndf6 12. Bxg4 Qxd1 13. Bxd1 h6 14. Nf3 Ne8
15. Re1 Nd6 16. Ne5 Rf6 17. Bc2 Nf5 18. Ne4 Nd4 19. Bd3 Rf8 20. Nxg6 Rf7 21.
Nxc5 b6 22. Nb3 Bb7 23. Ne5 Bxe5 24. Rxe5 Rd8 25. Nxd4 Rxd4 26. Be2 Rg7 27. g3
Rg6 28. Be3 Rh4 29. Bh5 Re4 30. Rxe4 Bxe4 31. Bxg6 Bxg6 32. Bxh6 Kf7 33. Bf4 a6
34. Be3 Bd3 35. Bxb6 Bxc4 36. b3 Bd3 37. f4 Be4 38. Bc7 Bf5 39. Rc1 Be4 40. b4
Bd5 41. a3 Kf6 42. Be5+ Kf7 43. Rc7 Be4 44. Bd6 Kf6 45. Bxe7+ Kf5 46. Rc5+ Bd5
47. Bd6 Kg4 48. b5 axb5 49. Rxb5 Bc6 50. Rb4 Bd5 51. a4 Bf3 52. a5 Be2 53. Re4
Bf3 54. Rxe6 Kf5 55. Re5+ Kf6 56. Kf2 Bg4 57. a6 Bc8 58. a7 Bb7 59. h4 Kg6 60.
h5+ Kg7 61. Re7+ {Black resigns} 1-0

[Event "Team 45 45 League T51"]
[Site "Internet Chess Club"]
[Date "2011.11.11"]
[Round "1"]
[White "mattphelps"]
[Black "katabatico"]
[Result "0-1"]
[WhiteElo "1311"]
[BlackElo "1434"]
[Opening "Alekhine's defense"]
[ECO "B03"]
[Time "16:00:55"]
[TimeControl "2700+45"]

1. e4 Nf6 2. e5 Nd5 3. d4 d6 4. c4 Nb6 5. Nf3 Bg4 6. Nbd2 dxe5 7. dxe5 Nc6 8.
Be2 e6 9. O-O Bb4 10. h3 Bf5 11. a3 Bxd2 12. Bxd2 O-O 13. b4 Nd4 14. Bc3 Nxe2+
15. Qxe2 Bd3 16. Qd2 Nxc4 17. Qg5 Bxf1 18. Qxd8 Raxd8 19. Kxf1 Rd3 20. Bd4 b6
21. a4 Rd8 22. Rc1 Nd2+ 23. Nxd2 R3xd4 24. Nf3 Rd1+ 25. Rxd1 Rxd1+ 26. Ke2 Ra1
{White resigns} 0-1